 Dungeon Crawl Stone Soup version 0.23.0 (webtiles) character file.

Game seed: 16533209413684634211

124 ventricule the Chopper (level 4, -1/39 HPs)
             Began as a Minotaur Berserker on Feb 9, 2019.
             Was a Believer of Trog.
             Killed from afar by an orc wizard (7 damage)
             ... with a magic dart
             ... on level 3 of the Dungeon.
             The game lasted 00:01:46 (1608 turns).

ventricule the Chopper (Minotaur Berserker)         Turns: 1608, Time: 00:01:47

Health: -1/39      AC:  2    Str: 27    XL:     4   Next: 81%
Magic:  3/3        EV: 12    Int:  9    God:    Trog [**....]
Gold:   106        SH:  0    Dex: 10    Spells: 3/3 levels left

rFire    . . .     SeeInvis .   a - +0 hand axe
rCold    . . .     Gourm    .   (no shield)
rNeg     . . .     Faith    .   b - +0 animal skin
rPois    .         Spirit   .   (helmet restricted)
rElec    .         Reflect  .   (no cloak)
rCorr    .         Harm     .   (no gloves)
MR       .....                  (no boots)
Stlth    +.........             (no amulet)
HPRegen  0.13/turn              (no ring)
MPRegen  0.08/turn              (no ring)

@: mighty, brilliant, berserk cooldown, slowed, very slow
A: retaliatory headbutt, horns 2
a: Berserk, Trog's Hand, Renounce Religion


You were on level 3 of the Dungeon.
You worshipped Trog.
Trog was pleased with you.
You were very hungry.

You visited 1 branch of the dungeon, and saw 3 of its levels.

You collected 106 gold pieces.

Inventory:

Hand Weapons
 a - a +0 hand axe (weapon)
Missiles
 n - 6 needles of sleeping
 Q - 63 stones (quivered)
Armour
 b - a +0 animal skin (worn)
Wands
 r - a wand of paralysis (5)
Scrolls
 c - 2 scrolls of noise {unknown}
 f - 3 scrolls of identify {unknown}
 i - a scroll of enchant weapon {unknown}
 j - 3 scrolls of fear {unknown}
 k - a scroll of enchant armour {unknown}
 p - a scroll of teleportation {unknown}
 q - a scroll of remove curse {unknown}
Potions
 d - a potion of berserk rage {!q}
 g - a potion of curing {unknown}
 h - a potion of brilliance
 m - a potion of mutation {unknown}
Comestibles
 e - 6 rations
 l - 8 chunks of flesh


   Skills:
 - Level 3.6 Fighting
 + Level 6.8 Axes
 - Level 2.4 Armour
 - Level 2.1 Dodging


You had 3 spell levels left.
You didn't know any spells.
Your spell library was empty.

Dungeon Overview and Level Annotations

Branches:
Dungeon (3/15)

Altars:
Fedhas
Nemelex Xobeh
Vehumet


Innate Abilities, Weirdness & Mutations

You reflexively headbutt those who attack you in melee.
You have a pair of horns on your head.


Message History

You take 5 damage, and have 5/39 hp.
You barely miss the orc wizard.
The orc wizard hits you but does no damage.
It was a potion of brilliance.
You feel clever all of a sudden.
The orc wizard gestures at you while chanting.
You resist with some effort.
The orc wizard mumbles some strange words.
The orc wizard blinks!
It was a potion of berserk rage.
You're still recovering from your berserk rage.
Some of the chunks of flesh in your inventory have rotted away.
It was a potion of might.
You feel very mighty all of a sudden.
The orc wizard hits you but does no damage.
Okay, then.
You closely miss the orc wizard. The orc wizard casts a spell at you.
The magic dart hits you!
You die...

## ....... ## ## .
#.##.# #.#...# #
####.#$.###.#...## ##
##..."..!....#..... .#
##...........$#.$...
.###...).....)........
...............)..#>
####..........†o..#.#
................@...#
####................#
###...>..........#..#
....#............#....
.##...#....#####.#
..## ...........# ...
..# <#..##...... ...
.. .#.####.. ... ...
........#


You could see an orc wizard.

Levels and vault maps discovered:
D:1:      wander_arrival_estate, layout_basic, hex_medium,
          minmay_misc_feat_diagonals, skrybe_limestone_x,
          kennysheep_another_room, minmay_misc_feat_plants
D:2:      layout_rooms, lemuel_doored_altar, vehumet_crystals, first_ration
D:3:      layout_rooms, led_xom_imps, marbit_many_paths, lemuel_blue_sif_altar,
          fedhas_altar_3, ebering_ghost_reflecting_pool, elyvilon_altar_3,
          uniq_natasha

Notes
Turn   | Place    | Note
-------+----------+-------------------------------------------
     0 | D:1      | ventricule the Minotaur Berserker began the quest for the
                  | Orb.
     0 | D:1      | Reached XP level 1. HP: 19/19 MP: 0/0
    73 | D:1      | Reached skill level 4 in Axes
    89 | D:1      | Reached XP level 2. HP: 26/26 MP: 1/1
   112 | D:1      | Identified a +0 dagger
   227 | D:1      | Identified a +0 club
   316 | D:1      | Identified a +0 whip
   400 | D:1      | Reached skill level 5 in Axes
   475 | D:1      | Reached XP level 3. HP: 31/31 MP: 2/2
   831 | D:2      | Identified a +0 whip
   835 | D:2      | Identified a +0 club
   836 | D:2      | Found a sparkling altar of Nemelex Xobeh.
   838 | D:2      | Reached ** piety under Trog
   847 | D:2      | Identified a +0 short sword
   900 | D:2      | Identified a +0 dagger
  1095 | D:2      | Found a radiant altar of Vehumet.
  1369 | D:3      | Found a blossoming altar of Fedhas.
  1392 | D:3      | Reached XP level 4. HP: 35/39 MP: 3/3
  1428 | D:3      | Reached skill level 6 in Axes
  1459 | D:3      | Identified a cursed -3 dagger
  1481 | D:3      | Identified a +0 whip
  1482 | D:3      | Identified a +0 dagger
  1482 | D:3      | Identified a +0 leather armour
  1482 | D:3      | Identified a +0 hand axe
  1558 | D:3      | Identified a +0 leather armour
  1574 | D:3      | Identified a +0 flail
  1585 | D:3      | Identified a +0 club
  1588 | D:3      | Identified a +0 dagger
  1588 | D:3      | Identified a +0 robe
  1594 | D:3      | Identified a +0 dagger
  1594 | D:3      | Identified a +0 robe
  1603 | D:3      | HP: 5/39 [orc wizard/magic dart (6)]
  1605 | D:3      | Identified 2 potions of brilliance
  1606 | D:3      | Identified 2 potions of berserk rage
  1607 | D:3      | Identified a potion of might
  1608 | D:3      | Killed from afar by an orc wizard

Table legend:
 A = Turns spent in this place as a percentage of turns spent in the entire game.
 B = Non-inter-level travel turns spent in this place as a percentage of non-inter-level travel turns spent in the entire game.
 C = Inter-level travel turns spent in this place as a percentage of turns spent in this place.
 D = Turns resting spent in this place as a percentage of non-inter-level travel turns spent in this place.
 E = Turns spent auto-exploring this place as a percentage of non-inter-level travel turns spent in this place.
 F = Non-inter-level travel turns spent in this place divided by the number of levels of this place that you've seen.
                   A       B       C       D       E      F
               +-------+-------+-------+-------+-------+----------------------
         Total | 100.0 | 100.0 |   3.1 |  24.1 |  59.0 | 519.3
       Dungeon | 100.0 | 100.0 |   3.1 |  24.1 |  59.0 | 519.3
               +-------+-------+-------+-------+-------+----------------------

Table legend:
 A = Kills in this place as a percentage of kills in entire the game.
 B = Kills by you in this place as a percentage of kills by you in the entire game.
 C = Kills by friends in this place as a percentage of kills by friends in the entire game.
 D = Other kills in this place as a percentage of other kills in the entire game.
 E = Experience gained in this place as a percentage of experience gained in the entire game.
 F = Experience gained in this place divided by the number of levels of this place that you have seen.
                   A       B       C       D       E      F
               +-------+-------+-------+-------+-------+----------------------
         Total | 100.0 | 100.0 |   N/A |   N/A | 100.0 |  59.3
       Dungeon | 100.0 | 100.0 |   N/A |   N/A | 100.0 |  59.3
               +-------+-------+-------+-------+-------+----------------------

Skill      XL: |  1  2  3  4 |
---------------+-------------+-----
Axes           | 4 5 6 |  6.8
Fighting       | |  3.6
Armour         | |  2.4
Dodging        | |  2.1

Action                   |  1- 3 |  4- 6 || total
-------------------------+-------+-------++-------
Melee: Hand axe          |    76 |    25 ||   101
       Headbutt          |    20 |     5 ||    25
Invok: Berserk           |       |     1 ||     1
  Use: Potion            |       |     3 ||     3
 Stab: Sleeping          |     1 |       ||     1
  Eat: Chunk             |     1 |     1 ||     2
Armor: Animal skin       |    18 |     3 ||    21
Dodge: Dodged            |    45 |    13 ||    58

Vanquished Creatures
  An orc wizard (D:3)
  2 adders
  An ooze (D:1)
  2 worms (D:2)
  5 dart slugs
  3 leopard geckos
  6 orcs (D:3)
  5 bats
  4 giant cockroaches
  2 goblins
  2 hobgoblins
  A quokka (D:3)
  3 ball pythons
  4 frilled lizards (D:1)
  7 kobolds
  4 rats
52 creatures vanquished.
